 Dungeon Crawl Stone Soup version 0.28-a0-1387-g3a22ab9bdc (webtiles) character file.

Game seed: 16348418238482426393

785517 freelancePsychic the Rhythm of Life and Death (level 27, -12/179 HPs)
             Began as a Vine Stalker Fighter on Jan 2, 2022.
             Was a High Priest of Uskayaw.
             Killed by drain life
             ... invoked by a deathcap
             ... summoned by a curse toe
              (14 damage)
             ... on level 5 of the Realm of Zot.
             The game lasted 03:17:46 (50920 turns).

freelancePsychic (VSFi)                            Turns: 50920, Time: 03:17:47

Health: -12/179    AC: 33    Str: 31    XL:     27
Magic:  0/41       EV: 13    Int:  8    God:    Uskayaw [*****.]
Gold:   6029       SH: 15    Dex: 21    Spells: 23/31 levels left

rFire   + + +      SeeInvis +   b - +18 lance "Wyrmbane" {slay drac, rPois rF+ rC+ AC+3}
rCold   + + +      Faith    +   N - +0 kite shield
rNeg    . . .      Spirit   +   T - +6 gold dragon scales
rPois   +          Reflect  .   g - +2 helmet {SInv}
rElec   +          Harm     .   i - scarf {rC+ rF+}
rCorr   +          Rampage  ∞   E - +1 pair of gloves {infuse}
Will    ++++.      Rnd*Tele +   u - +3 pair of seven-league boots {Rampage+∞}
Stlth   ..........              v - amulet "Gudygifa" {Faith Fragile Will+ Int+2 Dex+9}
HPRegen 1.19/turn               h - +4 ring of slaying
MPRegen 0.27/turn               X - ring "Qeneuxti" {Fly rElec rPois rCorr Slay+4}

@: about to teleport, marked, flying, studying Dodging
A: fangs 3, regeneration 1, magic shield, antimagic bite, no potion heal 2,
camouflage 1, clumsy 1, deformed body, dopey 2, sense surroundings 2, robust 1,
teleportitis 1
0: Orb of Zot
}: 10/15 runes: barnacled, slimy, silver, abyssal, demonic, glowing, magical,
fiery, dark, gossamer
a: Renounce Religion, Stomp, Line Pass, Grand Finale


You were on level 5 of the Realm of Zot.
You worshipped Uskayaw.
Uskayaw was exalted by your worship.
You visited 12 branches of the dungeon, and saw 55 of its levels.
You visited Pandemonium 1 time, and saw 21 of its levels.
You visited the Abyss 1 time.
You visited 1 bazaar.
You also visited: Desolation.

You collected 9160 gold pieces.
You spent 3131 gold pieces at shops.

Inventory:

Hand Weapons
 a - a +7 quick blade of freezing
 b - the +18 lance "Wyrmbane" (weapon) {slay drac, rPois rF+ rC+ AC+3}
   (You found it on level 5 of the Vaults)

   It inflicts extra damage against dragons and draconians.
   AC:        It affects your AC (+3).
   rF:        It protects you from fire.
   rC:        It protects you from cold.
   rPois:     It protects you from poison.
Missiles
 e - 13 throwing nets
 k - a silver boomerang
 A - 22 boomerangs (quivered)
Armour
 g - a +2 helmet of see invisible (worn)
 i - a scarf of resistance (worn)
 u - the +3 pair of seven-league boots (worn) {Rampage+∞}
   (You found it on level 4 of the Lair of Beasts)

   Its wearer moves as far as possible in that direction when moving towards
   enemies.
 E - a +1 pair of gloves of infusion (worn)
 N - a +0 kite shield (worn)
 T - +6 gold dragon scales (worn)
Jewellery
 h - a +4 ring of slaying (left hand)
 v - the amulet "Gudygifa" (around neck) {Faith Fragile Will+ Int+2 Dex+9}
   (You bought it in a shop on level 2 of the Orcish Mines)

   [amulet of faith]

   It allows you to gain divine favour quickly.
   Int:       It affects your intelligence (+2).
   Dex:       It affects your dexterity (+9).
   Fragile:   It will be destroyed if unequipped.
   Will:      It increases your willpower.
 C - a ring of protection from fire
 Q - a ring of ice
 X - the ring "Qeneuxti" (right hand) {Fly rElec rPois rCorr Slay+4}
   (You took it off an ironbound preserver on level 5 of the Vaults)

   [ring of slaying]

   Slay:      It affects your accuracy & damage with ranged weapons and melee
   (+4).
   rElec:     It insulates you from electricity.
   rPois:     It protects you from poison.
   Fly:       It grants you flight.
   rCorr:     It protects you from acid and corrosion.
 Z - a ring of willpower
Wands
 f - a wand of flame (53)
 n - a wand of iceblast (17)
 s - a wand of paralysis (46)
 w - a wand of charming (21)
 x - a wand of digging (24)
 G - a wand of acid (24)
 H - a wand of mindburst (22)
 P - a wand of polymorph (19)
Scrolls
 j - 22 scrolls of teleportation {@r4}
 z - 2 scrolls of fear
 D - 5 scrolls of vulnerability
 F - a scroll of magic mapping
 R - a scroll of silence
 U - 6 scrolls of fog
 V - 3 scrolls of immolation
 Y - 12 scrolls of identify {@r1}
Potions
 d - 11 potions of ambrosia
 l - 14 potions of curing {@q1}
 o - 3 potions of haste {@q3}
 p - 5 potions of lignification
 q - 8 potions of resistance
 r - 9 potions of attraction
 B - 8 potions of heal wounds {@q2}
 I - 5 potions of might
 J - 7 potions of brilliance
 K - a potion of cancellation
 L - 2 potions of berserk rage
 O - a potion of invisibility
 S - 4 potions of flight
 W - 2 potions of magic
Miscellaneous
 c - a box of beasts
 t - a tin of tremorstones (2/2)
 M - a lightning rod (4/4)


   Skills:
 + Level 22.9 Fighting
 - Level 10.0 Short Blades
 - Level 12.0 Polearms
 + Level 14.7 Armour
 + Level 11.9 Dodging
 - Level 8.0 Stealth
 - Level 15.0 Shields
 - Level 2.8 Spellcasting
 - Level 8.6 Necromancy
 - Level 8.6 Transmutations
 O Level 27 Invocations
 - Level 3.0 Evocations


You had 23 spell levels left.
You knew the following spells:

 Your Spells              Type           Power      Damage    Failure   Level
a - Necromutation         Tmut/Necr      7%         N/A       100%        8

Your spell library contained the following spells:

 Spells                   Type           Power      Damage    Failure   Level
 Animate Skeleton         Necr           28%        N/A       14%         1
 Pain                     Necr           56%        1d6       14%         1
 Sublimation of Blood     Necr           14%        N/A       22%         2
 Sting                    Tmut/Pois      32%        1d4       63%         1
 Corpse Rot               Necr/Air       16%        N/A       77%         2
 Animate Dead             Necr           7%         N/A       80%         4
 Spider Form              Tmut/Pois      8%         N/A       94%         3
 Agony                    Necr           14%        N/A       98%         5
 Blade Hands              Tmut           7%         N/A       98%         5
 Excruciating Wounds      Necr           7%         N/A       98%         5
 Apportation              Tloc           2%         N/A       99%         1
 Foxfire                  Conj/Fire      4%         2x1d4     99%         1
 Freeze                   Ice            4%         1d3       99%         1
 Magic Dart               Conj           4%         1d3       99%         1
 Sandblast                Erth           2%         2d4       99%         1
 Shock                    Conj/Air       4%         1d3       99%         1
 Summon Small Mammal      Summ           4%         N/A       99%         1
 Ignite Poison            Fire/Tmut/Pois 5%         N/A       99%         3
 Call Imp                 Summ           1%         N/A       100%        2
 Ensorcelled Hibernation  Hex/Ice        2%         N/A       100%        2
 Poisonous Vapours        Pois/Air       2%         N/A       100%        2
 Searing Ray              Conj           2%         2d4       100%        2
 Static Discharge         Conj/Air       1%         N/A       100%        2
 Call Canine Familiar     Summ           1%         N/A       100%        3
 Frozen Ramparts          Ice            2%         1d2       100%        3
 Gell's Gravitas          Tloc           1%         N/A       100%        3
 Mephitic Cloud           Conj/Pois/Air  1%         N/A       100%        3
 Ozocubu's Armour         Ice            1%         N/A       100%        3
 Summon Guardian Golem    Hex/Summ       1%         N/A       100%        3
 Swiftness                Air            1%         N/A       100%        3
 Teleport Other           Tloc           1%         N/A       100%        3
 Tukima's Dance           Hex            1%         N/A       100%        3
 Airstrike                Air            0%         N/A       100%        4
 Animate Armour           Summ/Erth      2%         N/A       100%        4
 Cause Fear               Hex            0%         N/A       100%        4
 Fulminant Prism          Conj/Hex       0%         3d6       100%        4
 Hailstorm                Conj/Ice       1%         3d3       100%        4
 Ice Form                 Ice/Tmut       8%         N/A       100%        4
 Leda's Liquefaction      Hex/Erth       0%         N/A       100%        4
 Olgreb's Toxic Radiance  Pois           1%         N/A       100%        4
 Passage of Golubria      Tloc           1%         N/A       100%        4
 Petrify                  Tmut/Erth      8%         N/A       100%        4
 Summon Lightning Spire   Summ/Air       1%         N/A       100%        4
 Alistair's Intoxication  Tmut/Pois      5%         N/A       100%        5
 Borgnjor's Vile Clutch   Necr/Erth      4%         N/A       100%        5
 Fireball                 Conj/Fire      0%         3d3       100%        5
 Freezing Cloud           Conj/Ice/Air   0%         6-21      100%        5
 Irradiate                Conj/Tmut      4%         3d14      100%        5
 Lee's Rapid Deconstruct  Erth           0%         3d5*      100%        5
 Lightning Bolt           Conj/Air       0%         1d11      100%        5
 Metabolic Englaciation   Hex/Ice        0%         N/A       100%        5
 Silence                  Hex/Air        0%         N/A       100%        5
 Summon Forest            Summ/Tloc      0%         N/A       100%        5
 Summon Mana Viper        Hex/Summ       1%         N/A       100%        5
 Conjure Ball Lightning   Conj/Air       0%         3x3d6     100%        6
 Death Channel            Necr           7%         N/A       100%        6
 Dispersal                Tloc           0%         N/A       100%        6
 Eringya's Noxious Bog    Tmut/Pois      4%         N/A       100%        6
 Iron Shot                Conj/Erth      0%         9d1       100%        6
 Simulacrum               Ice/Necr       4%         N/A       100%        6
 Starburst                Conj/Fire      0%         6d3       100%        6
 Statue Form              Tmut/Erth      5%         N/A       100%        6
 Summon Cactus Giant      Summ           0%         N/A       100%        6
 Dragon Form              Tmut           7%         N/A       100%        7
 Enfeeble                 Hex            0%         N/A       100%        7
 Malign Gateway           Summ/Tloc      0%         N/A       100%        7
 Monstrous Menagerie      Summ           0%         N/A       100%        7
 Storm Form               Tmut/Air       4%         N/A       100%        7
 Discord                  Hex            0%         N/A       100%        8
 Disjunction              Tloc           0%         N/A       100%        8
 Ignition                 Fire           0%         3d3       100%        8
 Lehudib's Crystal Spear  Conj/Erth      0%         10d2      100%        8
 Dragon's Call            Summ           0%         N/A       100%        9
 Polar Vortex             Ice            0%         N/A       100%        9
 Shatter                  Erth           0%         3d5*      100%        9


Dungeon Overview and Level Annotations

Branches:
Dungeon (15/15)            Temple (1/1) D:4            Lair (6/6) D:9
 Shoals (4/4) Lair:2       Spider (4/4) Lair:2        Slime (5/5) Lair:5
    Orc (2/2) D:9             Elf (3/3) Orc:2        Vaults (5/5) D:14
  Crypt (0/3) Vaults:3     Depths (4/4) D:15           Hell (visited)
    Zot (5/5) Depths:4    Desolation (visited)
    Dis: Hell:1         Geh: Hell:1         Coc: Hell:1         Tar: Hell:1

Altars:
Ashenzari
Cheibriados
Dithmenos
Elyvilon
Fedhas
Gozag
Hepliaklqana
Kikubaaqudgha
Nemelex Xobeh
Okawaru
Qazlal
Ru
Sif Muna
Trog
Uskayaw
Vehumet
Wu Jian
Xom
Yredelemnul
Zin
The Shining One
Beogh
Jiyva

Shops:
D:1 [   D:12 =   D:14 ?   Orc:2 (:=!!****   Elf:2 *:?   Shoals:2 (   Shoals:3 [
Vaults:1 (*[   Vaults:3 *   Vaults:5 ![   Depths:3 (

Portals:
Hell: Depths:3
Abyss: Depths:3
Pandemonium: Depths:4

Annotations:
D:5 2 transporters, jejorda2's ghost, novice MfBe
D:13 2 transporters, Ippog's ghost, journeyman SpEn
Shoals:2 Roxanne
Spider:3 exclusion: downstairs
Elf:2 5 runed translucent doors
Depths:3 1 transporter
Zot:1 1 runed translucent door, Jatoec's ghost, legendary GnFi
Zot:5 exclusion: orange crystal statue


Innate Abilities, Weirdness & Mutations

You have razor-sharp teeth.
Your natural rate of healing is unusually fast.
When hurt, damage is shared between your health and your magic reserves.
Your bite disrupts and absorbs the magic of your enemies.
Potions cannot restore your health.
Your skin changes colour to match your surroundings (Stealth+).
You are clumsy. (Dex -2)
Armour fits poorly on your strangely shaped body.
You are very dopey. (Int -4)
You passively map the area around you.
You are robust. (+10% HP)
You are occasionally teleported next to monsters.


Message History

You impale the orb of fire!! You bite the orb of fire!
The orb of fire's magic leaks into the air.
You drain its magic.
You feel invigorated.
The orb of fire is moderately damaged.
The orb of fire's magic is no longer disrupted.
The wandering mushroom is no longer paralysed.
The deathcap is no longer paralysed. x3
The wandering mushroom is no longer paralysed.
The orb of fire is no longer paralysed.
The ancient lich is no longer paralysed.
The Orb Guardian is no longer paralysed.
The storm dragon is no longer paralysed.
The Killer Klown blinks!
The deathcap draws from the surrounding life force!
* * * LOW HITPOINT WARNING * * *
The wandering mushroom releases spores at you but does no damage.
You block the deathcap's attack.
You puncture the orb of fire! Your bite misses the orb of fire.
The orb of fire is heavily damaged.
You feel yourself speed up.
The moth of wrath is no longer paralysed.
The Killer Klown is no longer paralysed.
The Orb Guardian is no longer paralysed.
The Orb Guardian is no longer berserk.
The dread lich is no longer paralysed.
The moth of wrath is no longer paralysed.
The Killer Klown is no longer paralysed.
The golden dragon is no longer paralysed.
The death cob is no longer paralysed.
You block the death cob's attack. x2
The curse toe gestures.
You can now merge with and destroy a victim.
You hit the orb of fire but do no damage.
Your bite misses the orb of fire.
The orb of fire is moderately damaged.
You block the death cob's attack.
The deathcap draws from the surrounding life force!
* * * LOW HITPOINT WARNING * * *
The deathcap misses you.
The wandering mushroom barely misses you.
The deathcap draws from the surrounding life force!
You die...

▓▓▓▓▓▓▓▓▓▓*****
▓▓▓▓*@ff..[..,,,,****
▓▓..f*zff.....,,,,,,,**
▓▓...Xp9Xf.....,,,,,,,,,
▓...(DyX..f....,,,,,,,,,
▓......LpDDX.^.,,,,,,,,,
▓▓.p....y.yL...,,,,,,,,,
▓▓....zL......,,,,,,,,,
▓▓..........X^,,,,,,,.
▓▓.....○.....,,,,,,,,,.


You could see 2 orbs of fire, 3 Killer Klowns, an electric golem (pain bonded),
a golden dragon (pain bonded), an ancient lich (pain bonded), 2 dread liches, 2
storm dragons, a curse toe (pain bonded), a death cob (pain bonded), 5 Orb
Guardians, 4 deathcaps, 3 moths of wrath and 3 wandering mushrooms.

Vanquished Creatures
  Cerebov (Pan)
  the Royal Jelly (Slime:5)
  Gloorx Vloq (Pan)
  Mnoleg (Pan)
  Lom Lobon (Pan)
  3 dread liches
  5 ancient liches
  Mennas (Vaults:4)
  An orb of fire (Zot:5)
  2 pandemonium lords (Pan)
  A Killer Klown (Zot:5)
  Geryon (Hell)
  Nikola (Spider:1)
  Jory (Vaults:4)
  4 golden dragons
  Arachne (Spider:2)
  A shard shrike zombie (Abyss:3)
  2 Hell Sentinels (Pan)
  3 Brimstone Fiends (Pan)
  11 tentacled monstrosities
  A hellephant (Depths:3)
  2 electric golems
  An Ice Fiend (Pan)
  3 Orb Guardians (Zot:5)
  4 deep elf blademasters (Elf:3)
  3 deep elf master archers (Elf:3)
  15 Executioners
  7 titans
  2 tentacled starspawn
  2 quicksilver dragons
  3 liches
  Murray (Hell)
  A kraken (Shoals:1)
  13 acid blobs
  A death cob (Zot:4)
  3 sphinxes
  Donald (Vaults:4)
  3 tengu reavers
  4 shadow dragons (Vaults:5)
  6 storm dragons
  3 fire giants
  2 draconian monks (Zot:1)
  The ghost of Strewth the Warrior, a journeyman MiBe of Trog (Shoals:1)
  A demonspawn warmonger (Pan)
  2 imperial myrmidons (Desolation)
  9 rockslimes
  8 deep elf sorcerers
  4 draconian knights
  Ilsuiw (Shoals:2)
  5 frost giants
  7 azure jellies
  18 vault wardens
  2 orc warlords
  3 draconian shifters
  3 draconian scorchers
  2 curse skulls (Pan)
  Aizul (Spider:1)
  13 ghost moths
  8 emperor scorpions
  15 cacodemons
  A draconian stormcaller (Zot:3)
  18 balrugs
  9 deep elf elementalists
  4 iron dragons
  20 ironbound preservers
  An angel (Pan)
  2 spriggan defenders (Depths:4)
  3 draconian annihilators
  A caustic shrike skeleton (Hell)
  5 demonspawn corrupters (Pan)
  9 stone giants
  9 quicksilver oozes
  6 reapers
  4 demonspawn blood saints (Pan)
  9 ironbound thunderhulks
  14 very ugly things
  2 broodmothers
  5 green draconians
  7 deep elf annihilators
  4 war gargoyles
  A putrid mouth (Depths:3)
  4 deep elf demonologists
  2 yellow draconians (Zot:1)
  A halazid warlock (Desolation)
  3 black draconians
  4 red draconians
  5 spark wasps
  10 demonspawn black suns (Pan)
  5 dire elephants
  A purple draconian (Zot:5)
  10 lorocyprocas (Pan)
  4 entropy weavers
  3 white draconians
  5 deep elf death magi
  4 merfolk javelineers
  8 green deaths (Pan)
  A spark wasp (shapeshifter) (Vaults:5)
  11 blizzard demons
  5 fire dragons
  A quicksilver dragon zombie (Abyss:2)
  7 ettins
  24 yaktaur captains
  8 merfolk impalers
  A crystal guardian (Vaults:3)
  31 vault guards
  7 hydras
  8 ice dragons
  12 great orbs of eyes
  4 deep elf high priests
  Fannar (D:10)
  3 servants of whispers (Desolation)
  7 hell beasts
  5 rakshasas (Pan)
  5 ironbound frosthearts
  10 peacekeepers
  10 ragged hierophants (Desolation)
  Erica (D:10)
  8 boulder beetles
  Harold (D:7)
  The ghost of Encipher the Cleaver, a journeyman FoFi (D:9)
  2 ogre magi
  2 jorogumos
  A spriggan skeleton (Pan)
  2 juggernaut simulacra (Pan)
  2 merfolk aquamancers (Shoals:4)
  3 catoblepae
  6 spriggan air magi
  8 merfolk avatars
  A radroach (Spider:3)
  2 death knights
  2 deep troll shamans (Depths:4)
  21 centaur warriors
  8 deep troll earth magi
  9 dancing weapons
  A satyr (Shoals:4)
  6 hell hogs
  8 two-headed ogres
  4 tengu warriors
  A thrashing horror (Abyss:4)
  9 death yaks (Lair:6)
  2 vampire magi (Vaults:3)
  3 spriggan berserkers
  12 deep elf knights
  9 soul eaters
  Nergalle (D:10)
  4 orc high priests (Orc:2)
  3 hell knights (Depths:3)
  45 sun demons
  11 sixfirhies
  3 pharaoh ants
  4 skeletal warriors
  4 wretched stars
  6 iron trolls
  A fire crab (shapeshifter) (Elf:1)
  6 shadow wraiths (Pan)
  11 glowing orange brains
  2 salamander mystics (Depths:4)
  45 deep trolls
  A bunyip skeleton (Hell)
  12 sea snakes
  An anaconda zombie (Hell)
  2 sun moths
  A flayed ghost (Vaults:5)
  6 steelbarb worms
  9 deep elf archers
  An anaconda skeleton (Hell)
  4 shadow demons
  12 orb spiders
  4 phantasmal warriors
  25 ironbound convokers
  11 harpies (Shoals:4)
  4 lindwurms
  7 necromancers
  19 deep elf pyromancers
  23 deep elf zephyrmancers
  9 orc knights
  9 wizards
  7 fauns
  22 ugly things
  22 wolf spiders
  A tengu skeleton (Depths:2)
  An orc sorcerer (Orc:2)
  6 salamanders (Depths:4)
  17 manticores
  5 shining eyes
  7 cyclopes
  Joseph (D:7)
  A faun (shapeshifter) (Vaults:5)
  8 moths of wrath
  A worldbinder (Abyss:3)
  A stone giant zombie (Vaults:2)
  13 merfolk sirens
  3 stone giant skeletons
  Maurice (D:10)
  15 elephants
  2 fire giant skeletons (Depths:2)
  4 guardian serpents
  2 eyes of devastation
  2 water nymphs
  22 vault sentinels
  A frost giant skeleton (Vaults:3)
  6 rust devils
  19 smoke demons
  12 cane toads
  3 black mambas
  A torpor snail (shapeshifter) (Depths:4)
  2 molten gargoyles
  8 orange demons
  8 torpor snails
  3 hellions
  4 rime drakes
  41 yaktaurs
  A gargoyle (D:14)
  Maggie (D:8)
  5 ice devils
  23 demonic crawlers
  6 komodo dragons
  4 tengu conjurers
  3 efreet
  An elf zombie (Vaults:3)
  A yaktaur zombie (Vaults:4)
  5 tormentors (Pan)
  A spark wasp simulacrum (Depths:2)
  An ancient zyme (Abyss:3)
  9 freezing wraiths
  A silent spectre (Vaults:3)
  27 merfolk
  2 red devils
  7 hellwings
  2 trolls (shapeshifter)
  10 meliai
  5 trolls
  5 polar bears
  A queen bee (Spider:3)
  A sphinx simulacrum (Depths:2)
  32 tarantellas
  45 saltlings (Desolation)
  Prince Ribbit (Lair:3)
  A harpy skeleton (Hell)
  6 wind drakes
  12 hornets
  10 blink frogs (Lair:3)
  8 dream sheep
  89 slime creatures
  A frost giant simulacrum (Vaults:4)
  A raiju (Abyss:3)
  7 snapping turtles
  A culicivora (shapeshifter) (Depths:4)
  An ettin zombie (Vaults:2)
  A human simulacrum (Vaults:3)
  A meliai zombie (D:11)
  5 flying skulls
  26 jumping spiders
  17 culicivoras
  14 water elementals
  A shadow (D:12)
  2 ettin skeletons
  8 ynoxinuls
  4 air elementals
  7 wraiths
  15 spriggans
  3 fire elementals
  2 wyverns
  45 yaks
  A black mamba skeleton (Hell)
  17 golden eyes
  14 neqoxecs (Pan)
  4 basilisks
  10 vampire mosquitoes
  A steam dragon (shapeshifter) (Abyss:2)
  59 redbacks
  6 chaos spawn (Pan)
  2 wargs (Orc:1)
  42 large abominations
  10 water moccasins
  An ogre zombie (Vaults:4)
  2 acid dragons (D:12)
  16 small abominations
  A naga skeleton (Hell)
  3 floating eyes
  21 orc warriors
  2 sky beasts
  7 black bears
  6 ogres
  2 necrophages (D:6)
  3 ice beasts
  24 wolves
  12 boggarts
  16 centaurs
  5 kobold brigands
  7 bullfrogs
  2 earth elementals
  4 scorpions
  A wyvern skeleton (D:7)
  26 killer bees
  6 howler monkeys
  7 wights
  2 electric eels (Spider:2)
  6 crimson imps (Pan)
  2 bullfrog zombies (D:5)
  3 centaur zombies
  2 lava snakes (Lair:4)
  2 hounds
  4 jellies
  31 orc priests
  A centaur skeleton (D:7)
  A bullfrog skeleton (D:7)
  2 gnoll shamans
  5 iguanas
  32 orc wizards
  14 hell rats
  A hound zombie (D:5)
  A hound skeleton (D:4)
  2 howler monkey zombies
  17 gnolls
  4 adders
  A howler monkey skeleton (D:6)
  3 white imps
  An ufetubus (Abyss:3)
  A worm (D:2)
  76 orcs
  7 endoplasms
  6 giant cockroaches
  3 goblins (D:2)
  10 hobgoblins
  6 jackals
  7 quokkas
  3 training dummies (Shoals:2)
  10 ball pythons
  A bat (D:2)
  2 frilled lizards
  25 kobolds
  8 rats
  A lurking horror (Abyss:3)
  A starspawn tentacle (Abyss:4)
  A tentacle (Shoals:1)
2437 creatures vanquished.

Vanquished Creatures (collateral kills)
  2 jumping spiders (Spider:4)
  A yak (Lair:6)
  A redback (Spider:4)
4 creatures vanquished.

Vanquished Creatures (others)
  A fire giant (Depths:3)
  A hell knight (Depths:3)
  A necromancer (Hell)
  A hellion (Pan)
  A crimson imp (Pan)
  A bush (Lair:6)
  19 fungi
  42 plants
  6 starspawn tentacles
  14 tentacles (Shoals:1)
87 creatures vanquished.

Grand Total: 2528 creatures vanquished

Notes
Turn   | Place    | Note
-------+----------+-------------------------------------------
     0 | D:1      | freelancePsychic the Vine Stalker Fighter began the quest
                  | for the Orb.
     0 | D:1      | Reached XP level 1. HP: 11/11 MP: 2/2
    32 | D:1      | Found a faded altar of an unknown god.
    92 | D:1      | Reached XP level 2. HP: 15/16 MP: 3/3
   159 | D:1      | Reached XP level 3. HP: 15/20 MP: 4/4
   331 | D:1      | Found Edwug's Armour Boutique.
   976 | D:2      | Gained mutation: Your natural rate of healing is unusually
                  | fast. [Vine Stalker growth]
   976 | D:2      | Reached XP level 4. HP: 18/24 MP: 5/5
  1098 | D:2      | You fall into a shaft and drop 2 floors!
  1316 | D:3      | Reached XP level 5. HP: 28/28 MP: 6/6
  2154 | D:3      | Reached XP level 6. HP: 33/33 MP: 7/7
  2288 | D:4      | Found a staircase to the Ecumenical Temple.
  2293 | Temple   | Entered the Ecumenical Temple
  2304 | Temple   | Became a worshipper of Uskayaw the Reveller
  2424 | D:4      | Reached * piety under Uskayaw
  2425 | D:4      | Reached ** piety under Uskayaw
  2427 | D:4      | Reached *** piety under Uskayaw
  2433 | D:4      | Reached **** piety under Uskayaw
  2492 | D:4      | Reached skill level 1 in Invocations
  2535 | D:4      | Found a radiant altar of Vehumet.
  2606 | D:4      | Reached XP level 7. HP: 32/37 MP: 7/9
  2650 | D:4      | Found a sparkling altar of Nemelex Xobeh.
  2751 | D:4      | Reached skill level 5 in Short Blades
  3015 | D:5      | Entered Level 5 of the Dungeon
  3025 | D:5      | Reached skill level 2 in Invocations
  3256 | D:5      | Found a transporter.
  3259 | D:5      | Noticed jejorda2's ghost (novice MfBe)
  3341 | D:5      | Gained mutation: You have razor-sharp teeth. [Vine Stalker
                  | growth]
  3341 | D:5      | Reached XP level 8. HP: 25/42 MP: 5/11
  3397 | D:5      | Reached skill level 3 in Invocations
  3507 | D:4      | Reached skill level 5 in Fighting
  3654 | D:5      | Found a transporter.
  3729 | D:5      | Reached skill level 4 in Invocations
  4067 | D:6      | Reached XP level 9. HP: 47/47 MP: 13/13
  4268 | D:6      | Noticed a manticore
  4282 | D:6      | Killed a manticore
  4283 | D:6      | Reached skill level 5 in Invocations
  4583 | D:7      | Reached ***** piety under Uskayaw
  4593 | D:7      | Reached ****** piety under Uskayaw
  4662 | D:7      | Identified a scroll of acquirement
  4663 | D:7      | Acquired a scarf of resistance
  4688 | D:7      | Found a basalt altar of Yredelemnul.
  4688 | D:7      | Found a stormy altar of Qazlal.
  4809 | D:7      | Noticed Joseph
  4882 | D:7      | Found a glowing silver altar of Zin.
  4994 | D:7      | Reached skill level 6 in Invocations
  4994 | D:7      | Reached XP level 10. HP: 47/53 MP: 12/15
  5071 | D:7      | Noticed Harold
  5088 | D:7      | Killed Harold
  5089 | D:7      | Reached skill level 1 in Evocations
  5123 | D:7      | Found an opulent altar of Gozag.
  5137 | D:7      | Killed Joseph
  5323 | D:8      | Noticed Maggie
  5329 | D:8      | Killed Maggie
  5330 | D:8      | Reached skill level 1 in Stealth
  5347 | D:8      | Noticed a two-headed ogre
  5349 | D:8      | Noticed a boulder beetle
  5349 | D:8      | Noticed a centaur warrior
  5710 | D:8      | Reached skill level 10 in Short Blades
  5952 | D:9      | Found a staircase to the Lair.
  6150 | D:9      | Noticed a two-headed ogre
  6159 | D:9      | Killed a two-headed ogre
  6160 | D:9      | Reached skill level 7 in Invocations
  6267 | D:9      | Found a hazy altar of Hepliaklqana.
  6454 | D:9      | Found a staircase to the Orcish Mines.
  6468 | D:9      | Reached XP level 11. HP: 55/60 MP: 13/17
  6492 | D:9      | Found a shimmering blue altar of Sif Muna.
  6558 | D:9      | Found an iron altar of Okawaru.
  6842 | D:10     | Entered Level 10 of the Dungeon
  6842 | D:10     | Noticed Nergalle
  6862 | D:10     | Killed Nergalle
  6888 | D:10     | Reached skill level 8 in Invocations
  7185 | D:10     | Noticed Maurice
  7202 | D:10     | Killed Maurice
  7280 | D:10     | Noticed Erica
  7297 | D:10     | Killed Erica
  7420 | D:10     | Found a runed translucent gate.
  7421 | D:10     | Found a runed translucent gate.
  7423 | D:10     | Found a runed translucent gate.
  7423 | D:10     | Noticed a great orb of eyes
  7425 | D:10     | Noticed Encipher's ghost (journeyman FoFi)
  7500 | D:10     | Noticed Fannar
  7529 | D:10     | Killed Fannar
  7543 | D:10     | Noticed a two-headed ogre
  7575 | D:10     | Killed a two-headed ogre
  7576 | D:10     | Reached skill level 5 in Armour
  7576 | D:10     | Reached skill level 9 in Invocations
  7848 | D:10     | Found a viscous altar of Jiyva.
  8077 | D:11     | Reached XP level 12. HP: 59/67 MP: 20/20
  8301 | D:11     | Noticed a four-headed hydra
  8309 | D:11     | Killed a one-headed hydra
  8812 | Lair:1   | Entered Level 1 of the Lair of Beasts
  8826 | D:9      | Reached skill level 10 in Fighting
  8967 | Lair:1   | Identified the +4 scale mail of the Blind Marksman {Harm}
  8975 | Lair:1   | Reached skill level 10 in Invocations
  9726 | Lair:2   | Found a hole to the Spider Nest.
  9929 | Lair:2   | Found a staircase to the Shoals.
  9996 | Lair:2   | HP: 3/103 [komodo dragon (14)]
 10001 | Lair:2   | Noticed a four-headed hydra
 10020 | Lair:2   | Gained mutation: You are strong-willed. (Will+) [potion of
                  | mutation]
 10020 | Lair:2   | Gained mutation: You have a pair of small antennae on your
                  | head. [potion of mutation]
 10020 | Lair:2   | Gained mutation: Your muscles are strong. (Str +2) [potion
                  | of mutation]
 10030 | Lair:2   | Killed a four-headed hydra
 10579 | Lair:2   | Reached skill level 11 in Invocations
 10579 | Lair:2   | Reached XP level 13. HP: 59/73 MP: 17/22
 11476 | Lair:3   | Noticed Prince Ribbit
 11486 | Lair:3   | Killed Prince Ribbit
 12328 | Lair:4   | Reached skill level 12 in Invocations
 12650 | Lair:4   | Found the +3 pair of seven-league boots {Rampage+∞}
 13082 | Lair:5   | Reached skill level 1 in Dodging
 13098 | Lair:5   | Reached XP level 14. HP: 74/80 MP: 24/24
 13444 | Lair:5   | Found a viscous altar of Jiyva.
 13444 | Lair:5   | Found a staircase to the Slime Pits.
 13520 | Lair:6   | Entered Level 6 of the Lair of Beasts
 13568 | Lair:6   | Reached skill level 13 in Invocations
 14352 | Lair:6   | Reached skill level 5 in Dodging
 14996 | Orc:1    | Entered Level 1 of the Orcish Mines
 15016 | Orc:1    | Noticed Sonja
 15020 | Orc:1    | Noticed Sonja
 15020 | Orc:1    | Sonja changed into Sonja the warg
 15024 | Orc:1    | Killed Sonja the warg
 15270 | Orc:2    | Entered Level 2 of the Orcish Mines
 15319 | Orc:2    | Found Nefiv's Assorted Antiques.
 15323 | Orc:2    | Found Jylagi's Assorted Antiques.
 15531 | Orc:2    | Found Rit Pummio's Assorted Antiques.
 15556 | Orc:2    | Found a staircase to the Elven Halls.
 15568 | Orc:2    | Bought a coppery potion for 28 gold pieces
 15644 | Orc:2    | Reached XP level 15. HP: 69/86 MP: 26/26
 15655 | Orc:2    | Reached skill level 14 in Invocations
 15690 | Orc:2    | Found Nukag's Distillery.
 15690 | Orc:2    | Found Eghyot's Book Shoppe.
 15690 | Orc:2    | Found Lifix's Jewellery Shoppe.
 15703 | Orc:2    | Found Xeirghem's Distillery.
 15784 | Orc:2    | Bought the amulet "Gudygifa" {Faith Fragile Will+ Int+2
                  | Dex+9} for 1191 gold pieces
 15899 | Orc:2    | Found Nemies's Weapon Emporium.
 16023 | Orc:2    | Found Wogoff's General Store.
 16294 | Orc:2    | Bought a potion of might for 60 gold pieces
 16294 | Orc:2    | Bought a potion of haste for 150 gold pieces
 16294 | Orc:2    | Bought a potion of haste for 150 gold pieces
 16520 | D:9      | Killed Encipher's ghost
 17179 | D:11     | Reached skill level 5 in Shields
 17236 | D:12     | Found Xouhik's Jewellery Shoppe.
 17573 | D:12     | Identified the +6 longbow of Courage {vorpal, rElec rPois
                  | rF- Str+2}
 17859 | D:13     | Found a transporter.
 17869 | D:13     | Noticed Ippog's ghost (journeyman SpEn)
 18050 | D:13     | Found a transporter.
 18991 | D:14     | Found Keulup's Magic Scroll Boutique.
 18998 | D:14     | Bought a scroll of blinking for 120 gold pieces
 18998 | D:14     | Bought a scroll of teleportation for 48 gold pieces
 18998 | D:14     | Bought a scroll of teleportation for 48 gold pieces
 18998 | D:14     | Bought a scroll of teleportation for 48 gold pieces
 19298 | D:14     | Reached skill level 15 in Invocations
 19372 | D:14     | Found a gate to the Vaults.
 19936 | D:15     | Entered Level 15 of the Dungeon
 20256 | D:15     | Reached XP level 16. HP: 78/93 MP: 28/28
 20350 | D:15     | Found a staircase to the Depths.
 21000 | Spider:1 | Entered Level 1 of the Spider Nest
 21069 | Spider:1 | Reached skill level 15 in Fighting
 21221 | Spider:1 | Noticed Nikola
 21240 | Spider:1 | Killed Nikola
 21547 | Spider:1 | Noticed Aizul
 21554 | Spider:1 | Killed Aizul
 21555 | Spider:1 | Reached skill level 16 in Invocations
 22028 | Spider:2 | Reached skill level 5 in Stealth
 22089 | Spider:2 | Noticed Arachne
 22105 | Spider:2 | Killed Arachne
 22980 | Spider:3 | Reached skill level 10 in Armour
 22982 | Spider:3 | Reached XP level 17. HP: 73/99 MP: 26/30
 23394 | Spider:3 | Reached XP level 18. HP: 102/105 MP: 31/31
 24150 | Shoals:1 | Entered Level 1 of the Shoals
 24261 | Shoals:1 | Found a large runed translucent door.
 24261 | Shoals:1 | Found a large runed translucent door.
 24265 | Shoals:1 | Acquired a +4 quick blade
 24350 | Shoals:1 | Reached skill level 17 in Invocations
 25017 | Shoals:1 | Noticed Strewth's ghost (journeyman MiBe)
 25249 | Shoals:1 | Killed Strewth's ghost
 25294 | Shoals:2 | Noticed Ilsuiw
 25302 | Shoals:2 | Killed Ilsuiw
 25402 | Shoals:2 | Found Gidorph's Firing Range.
 25830 | Shoals:2 | Identified Roxanne's Disquisition on the Mountains
 25830 | Shoals:2 | Noticed Roxanne
 26303 | Shoals:3 | Found Yziemiek's Armour Shop.
 26313 | Shoals:3 | Bought a +2 helmet of see invisible for 236 gold pieces
 26415 | Spider:1 | Gained mutation: You have an increased reservoir of magic.
                  | (+10% MP) [potion of mutation]
 26538 | Lair:6   | Lost mutation: You have a pair of small antennae on your
                  | head. [potion of mutation]
 26538 | Lair:6   | Lost mutation: Your muscles are strong. (Str +2) [potion of
                  | mutation]
 26538 | Lair:6   | Lost mutation: You have an increased reservoir of magic.
                  | (+10% MP) [potion of mutation]
 26538 | Lair:6   | Gained mutation: Your system is resistant to poisons.
                  | (rPois) [potion of mutation]
 26538 | Lair:6   | Gained mutation: Your mind is acute. (Int +2) [potion of
                  | mutation]
 26704 | Spider:4 | Entered Level 4 of the Spider Nest
 26827 | Spider:4 | Reached XP level 19. HP: 26/111 MP: 7/32
 27161 | Spider:4 | Reached skill level 18 in Invocations
 27639 | Spider:4 | Found the +4 skin of Zhor {*Englaciate rC+++ SInv}
 28012 | Spider:4 | Got a gossamer rune of Zot
 28332 | Vaults:1 | Entered Level 1 of the Vaults
 28667 | Vaults:1 | Found Gozag's Antique Armour Shoppe.
 28667 | Vaults:1 | Found Gozag's Antique Weapon Emporium.
 28683 | Vaults:1 | Found an opulent altar of Gozag.
 28723 | Vaults:1 | Found Gozag's Assorted Antiques.
 29469 | Vaults:1 | Reached XP level 20. HP: 119/119 MP: 34/34
 29906 | Vaults:2 | Reached skill level 19 in Invocations
 31053 | Vaults:2 | Upgraded the game from 0.28-a0-1382-g92835e5c71 to
                  | 0.28-a0-1387-g3a22ab9bdc
 31148 | Vaults:3 | Reached skill level 10 in Shields
 31828 | Vaults:3 | Reached XP level 21. HP: 104/124 MP: 35/35
 31973 | Vaults:3 | Found a staircase to the Crypt.
 32094 | Vaults:3 | Found a transporter.
 32144 | Vaults:3 | Found a bloodstained altar of Trog.
 32144 | Vaults:3 | Found the +8 Wrath of Trog {antimagic, *Rage Rampage}
 32306 | Vaults:3 | Found Iroerchu's General Store.
 32450 | Vaults:3 | Found a transporter.
 32450 | Vaults:3 | Found a runed translucent door.
 32581 | Vaults:3 | Identified the +1 plate armour "Biuk" {rC+ Str+3 Dex-2}
 32841 | Vaults:4 | Noticed Jory
 32854 | Vaults:4 | Killed Jory
 32855 | Vaults:4 | Reached skill level 20 in Invocations
 32927 | Vaults:4 | Noticed Mennas
 32968 | Vaults:4 | Killed Mennas
 33350 | Vaults:4 | Noticed a dread lich
 33370 | Vaults:4 | Killed a dread lich
 33458 | Vaults:4 | Noticed Donald
 33466 | Vaults:4 | Killed Donald
 34287 | Vaults:5 | Entered Level 5 of the Vaults
 34578 | Vaults:5 | Noticed an ancient lich
 34578 | Vaults:5 | Found the +8 lance "Wyrmbane" {slay drac, rPois rF+ rC+
                  | AC+3}
 34586 | Vaults:5 | Killed an ancient lich
 34587 | Vaults:5 | Reached skill level 1 in Polearms
 34616 | Vaults:5 | Reached XP level 22. HP: 34/123 MP: 37/37
 34627 | Vaults:5 | HP: 2/105 [shadow dragon/bolt of negative energy (19)]
 34741 | Vaults:5 | Identified the +8 scimitar "Ranig" {flame, *Rage rC+ Int+3}
 34858 | Vaults:5 | Got the Reference Book on the Frostbite and Companions
 35028 | Vaults:5 | Noticed a golden dragon
 35037 | Vaults:5 | Noticed a dread lich
 35060 | Vaults:5 | Reached skill level 5 in Polearms
 35062 | Vaults:5 | Killed a dread lich
 35062 | Vaults:5 | Killed a golden dragon
 35098 | Vaults:5 | Found Zeuh Rage's Distillery.
 35109 | Vaults:5 | Identified the +1 chain mail of the Jackalope {-Cast
                  | Rampage rPois rF+}
 35221 | Vaults:5 | Bought a potion of might for 72 gold pieces
 35515 | Vaults:5 | Noticed a golden dragon
 35523 | Vaults:5 | Killed a golden dragon
 35612 | Vaults:5 | Got a silver rune of Zot
 35669 | Vaults:5 | Identified the ring "Qeneuxti" {Fly rElec rPois rCorr
                  | Slay+4}
 35868 | Vaults:5 | Got the Guide on the Supportive Rocks
 35953 | Vaults:5 | Noticed a golden dragon
 35964 | Vaults:5 | Killed a golden dragon
 35996 | Vaults:5 | Noticed an ancient lich
 36005 | Vaults:5 | Killed an ancient lich
 36025 | Vaults:5 | Found Daijoituci's Armour Shoppe.
 36060 | Vaults:5 | Noticed an ancient lich
 36074 | Vaults:5 | Killed an ancient lich
 36628 | Elf:1    | Entered Level 1 of the Elven Halls
 36667 | Elf:1    | Paralysed by an air elemental for 1 turns
 37411 | Elf:1    | Reached XP level 23. HP: 135/135 MP: 34/38
 37528 | Elf:1    | Reached skill level 10 in Polearms
 38735 | Elf:2    | Found an ancient bone altar of Kikubaaqudgha.
 38741 | Elf:2    | Found Baf Acul's Magic Scroll Shop.
 38749 | Elf:2    | Bought a scroll of enchant armour for 75 gold pieces
 38749 | Elf:2    | Bought a scroll of teleportation for 30 gold pieces
 38749 | Elf:2    | Bought a scroll of immolation for 35 gold pieces
 38749 | Elf:2    | Bought a scroll of immolation for 35 gold pieces
 38750 | Elf:2    | Found Mem Eptuatao's Book Boutique.
 38903 | Elf:2    | Found Ocynk's General Store.
 38913 | Elf:2    | Bought a scroll of teleportation for 39 gold pieces
 38943 | Elf:2    | Found a crumbling gateway.
 38957 | Desolati | Entered the Desolation of Salt
 38990 | Desolati | Got Menefuow's Guide on Earth and Stolen Souls
 38991 | Desolati | Identified the +1 fire dragon scales of Mumaha {rElec rF++
                  | rC- rCorr Str-2 Int-2}
 39006 | Desolati | Found the +3 Elemental Staff {rElec rF++ rC++ AC+5}
 39090 | Desolati | Identified the ring of Xufyxkod {Will+ MP+9}
 39114 | Desolati | Identified the amulet of the Scarab {Spirit rPois rF- rC+}
 39118 | Desolati | Identified the +2 robe "Zirchuesm" {rC- Str+5 Int+6}
 39323 | Desolati | Got Kainuteu's Catalogue of Unstable Feathers
 39359 | Desolati | Identified the ring "Malit" {Ice Drain rCorr Str+4}
 39424 | Elf:2    | Reached skill level 15 in Shields
 39756 | Elf:2    | Found a huge runed translucent gate.
 39756 | Elf:2    | Found a huge runed translucent gate.
 39757 | Elf:2    | Found a huge runed translucent gate.
 39757 | Elf:2    | Found a huge runed translucent gate.
 39757 | Elf:2    | Found a huge runed translucent gate.
 39940 | Elf:3    | Entered Level 3 of the Elven Halls
 40068 | Elf:3    | Reached skill level 21 in Invocations
 40331 | Elf:3    | Found a flickering gateway to a bazaar.
 40341 | Bazaar   | Entered a bazaar
 40343 | Bazaar   | Found Cuqoinera's Assorted Antiques.
 40347 | Bazaar   | Bought a potion of curing for 57 gold pieces
 40347 | Bazaar   | Bought a scroll of teleportation for 57 gold pieces
 40347 | Bazaar   | Bought a scroll of immolation for 66 gold pieces
 40347 | Bazaar   | Found Tizes's Armour Boutique.
 40347 | Bazaar   | Found Unoduiss's Assorted Antiques.
 40348 | Bazaar   | Found Azetheit's Book Boutique.
 40353 | Bazaar   | Bought a scroll of teleportation for 54 gold pieces
 41049 | Elf:3    | Identified the +4 short sword of Gocsut {spect, Int+3}
 41158 | Elf:3    | Identified the +6 scale mail "Yrepriat" {rElec rF+ Str-4
                  | Int+4}
 41188 | Elf:3    | Reached XP level 24. HP: 142/142 MP: 38/38
 41231 | Elf:3    | Got Iqecioxt's Tome of Dislocated Stones
 41243 | Elf:3    | Identified the ring "Towkuf" {rF+ MP+9 Int+3}
 41615 | Slime:1  | Entered Level 1 of the Pits of Slime
 41923 | Slime:5  | Entered Level 5 of the Pits of Slime
 41943 | Slime:5  | Reached skill level 22 in Invocations
 41950 | Slime:5  | Found a viscous altar of Jiyva.
 41950 | Slime:5  | Noticed the Royal Jelly
 41952 | Slime:5  | Killed the Royal Jelly
 42140 | Slime:5  | Identified the +10 plate armour of Meighuf {Dex+8}
 42141 | Slime:5  | Identified the ring of Truth {rPois rF+}
 42142 | Slime:5  | Identified the ring "Qoufurph" {Fire Slay+2}
 42143 | Slime:5  | Identified the ring "Senobu Onyf" {Fire *Corrode rPois
                  | Str+8 Dex+2}
 42190 | Slime:5  | Identified the +3 hand crossbow "Spider's Nightmare" {elec,
                  | rElec rC+ rCorr Dex-2}
 42274 | Slime:5  | Got a slimy rune of Zot
 42507 | Shoals:4 | Entered Level 4 of the Shoals
 42909 | Shoals:4 | Got a barnacled rune of Zot
 43228 | Depths:1 | Entered Level 1 of the Depths
 43458 | Depths:3 | Found Gair's Weapon Shoppe.
 43616 | Depths:3 | Found a gateway to Hell.
 43692 | Depths:3 | Found a one-way gate to the infinite horrors of the Abyss.
 43701 | Depths:3 | Voluntarily entered the Abyss.
 44021 | Abyss:3  | Reached skill level 23 in Invocations
 44060 | Abyss:3  | Found a corrupted altar of Lugonu.
 44185 | Abyss:4  | Reached XP level 25. HP: 147/148 MP: 38/39
 44236 | Abyss:4  | Found a corrupted altar of Lugonu.
 44259 | Abyss:4  | Gained mutation: You have large cloven feet. [a cacodemon]
 44265 | Abyss:4  | Lost mutation: Your system is resistant to poisons. (rPois)
                  | [a cacodemon]
 44274 | Abyss:4  | Paralysed by a floating eye for 4 turns
 44275 | Abyss:4  | Gained mutation: You are clumsy. (Dex -2) [a cacodemon]
 44276 | Abyss:4  | Gained mutation: You are occasionally teleported next to
                  | monsters. [a cacodemon]
 44304 | Abyss:4  | Paralysed by a floating eye for 2 turns
 44337 | Abyss:4  | Got an abyssal rune of Zot
 44350 | Depths:3 | Escaped the Abyss
 44391 | Depths:3 | You are sucked into a shaft and drop 1 floor!
 44391 | Depths:4 | Entered Level 4 of the Depths
 44443 | Depths:4 | Found a gate to the Realm of Zot.
 44482 | Depths:4 | Found a one-way gate leading to the halls of Pandemonium.
 44751 | Depths:3 | Found a transporter.
 44892 | Depths:4 | Reached skill level 24 in Invocations
 45195 | Pan      | Entered Pandemonium
 45370 | Pan      | Noticed Fewi the pandemonium lord
 45373 | Pan      | Found a runed translucent door.
 45377 | Pan      | Killed Fewi the pandemonium lord
 45559 | Pan      | Got a demonic rune of Zot
 45773 | Pan      | Entered the realm of Cerebov.
 45898 | Pan      | Reached skill level 25 in Invocations
 45931 | Pan      | Reached XP level 26. HP: 150/155 MP: 40/40
 46038 | Pan      | Found the +6 sword of Cerebov {flame}
 46038 | Pan      | Noticed Cerebov
 46050 | Pan      | Killed Cerebov
 46055 | Pan      | Identified the -1 pair of gloves "Qool" {Str+4 Dex+4}
 46108 | Pan      | Got a fiery rune of Zot
 46589 | Pan      | Lost mutation: Your mind is acute. (Int +2) [a cacodemon]
 46777 | Pan      | Lost mutation: You have large cloven feet. [potion of
                  | mutation]
 46777 | Pan      | Lost mutation: You are strong-willed. (Will+) [potion of
                  | mutation]
 46777 | Pan      | Lost mutation: You are clumsy. (Dex -2) [potion of
                  | mutation]
 46777 | Pan      | Gained mutation: Your skin changes colour to match your
                  | surroundings (Stealth+). [potion of mutation]
 46808 | Pan      | Reached skill level 26 in Invocations
 46915 | Pan      | Found a runed translucent door.
 46918 | Pan      | Found a runed translucent door.
 46921 | Pan      | Found a runed translucent door.
 46925 | Pan      | Noticed Kimul the pandemonium lord
 46938 | Pan      | Killed Kimul the pandemonium lord
 46941 | Pan      | Found a runed translucent door.
 47281 | Pan      | Entered the realm of Lom Lobon.
 47289 | Pan      | Noticed Lom Lobon
 47298 | Pan      | Killed Lom Lobon
 47324 | Pan      | Got a magical rune of Zot
 47602 | Pan      | Entered the realm of Mnoleg.
 47732 | Pan      | Gained mutation: You are clumsy. (Dex -2) [a cacodemon]
 47811 | Pan      | Reached skill level 27 in Invocations
 47814 | Pan      | Reached XP level 27. HP: 163/163 MP: 41/41
 47815 | Pan      | Reached skill level 1 in Necromancy
 47815 | Pan      | Reached skill level 1 in Transmutations
 47838 | Pan      | Noticed Mnoleg
 47839 | Pan      | Killed Mnoleg
 47840 | Pan      | Gained mutation: You are frail. (-10% HP) [a neqoxec]
 47842 | Pan      | Gained mutation: Your spells are a little harder to cast,
                  | but a little more powerful. [a shining eye]
 47856 | Pan      | Gained mutation: You are dopey. (Int -2) [a cacodemon]
 47857 | Pan      | Gained mutation: You have hidden genetic defects. [a
                  | neqoxec]
 47956 | Pan      | Gained mutation: Your body sometimes deteriorates upon
                  | taking damage. [a neqoxec]
 48097 | Pan      | Got Nonesaunul's Disquisition on Creative Damage Dealing
 48164 | Pan      | Got a glowing rune of Zot
 48191 | Pan      | Entered the realm of Gloorx Vloq.
 48236 | Pan      | Reached skill level 5 in Necromancy
 48236 | Pan      | Reached skill level 5 in Transmutations
 48276 | Pan      | Noticed Gloorx Vloq
 48286 | Pan      | Killed Gloorx Vloq
 48298 | Pan      | Got a dark rune of Zot
 48390 | Pan      | Gained mutation: You are very dopey. (Int -4) [hidden
                  | defects]
 48512 | Depths:4 | Escaped Pandemonium
 48535 | Depths:4 | Lost mutation: You are frail. (-10% HP) [potion of
                  | mutation]
 48535 | Depths:4 | Lost mutation: You are very dopey. (Int -4) [potion of
                  | mutation]
 48535 | Depths:4 | Lost mutation: Your body sometimes deteriorates upon taking
                  | damage. [potion of mutation]
 48535 | Depths:4 | Gained mutation: A frigid envelope surrounds you and
                  | freezes all who hurt you. [potion of mutation]
 48535 | Depths:4 | Gained mutation: You passively map a small area around you.
                  | [potion of mutation]
 48887 | Vaults:2 | Lost mutation: Your spells are a little harder to cast, but
                  | a little more powerful. [potion of mutation]
 48887 | Vaults:2 | Gained mutation: You are strong-willed. (Will+) [potion of
                  | mutation]
 48888 | Vaults:2 | Lost mutation: A frigid envelope surrounds you and freezes
                  | all who hurt you. [potion of mutation]
 48888 | Vaults:2 | Lost mutation: You are strong-willed. (Will+) [potion of
                  | mutation]
 48888 | Vaults:2 | Gained mutation: You passively map the area around you.
                  | [potion of mutation]
 48888 | Vaults:2 | Lost mutation: You are clumsy. (Dex -2) [potion of
                  | mutation]
 49150 | Orc:2    | Bought a potion of mutation for 120 gold pieces
 49150 | Orc:2    | Bought a potion of resistance for 150 gold pieces
 49150 | Orc:2    | Bought a potion of resistance for 150 gold pieces
 49150 | Orc:2    | Lost mutation: You have hidden genetic defects. [potion of
                  | mutation]
 49150 | Orc:2    | Gained mutation: You are robust. (+10% HP) [potion of
                  | mutation]
 49169 | Orc:2    | Bought a potion of might for 64 gold pieces
 49169 | Orc:2    | Bought a potion of attraction for 48 gold pieces
 49542 | Hell     | Entered the Vestibule of Hell
 49542 | Hell     | Noticed Geryon
 49560 | Hell     | Noticed Murray
 49561 | Hell     | Killed Murray
 49566 | Hell     | Killed Geryon
 49765 | Depths:3 | Learned a level 8 spell: Necromutation
 49863 | Hell     | Reached skill level 1 in Spellcasting
 50152 | Depths:3 | Paralysed by a floating eye for 2 turns
 50257 | Zot:1    | Entered Level 1 of the Realm of Zot
 50288 | Zot:1    | Found a runed translucent door.
 50307 | Zot:1    | Reached skill level 10 in Dodging
 50344 | Zot:1    | Noticed Jatoec's ghost (legendary GnFi)
 50728 | Zot:5    | Entered Level 5 of the Realm of Zot
 50826 | Zot:5    | Noticed an ancient lich
 50826 | Zot:5    | Noticed an ancient lich
 50832 | Zot:5    | Killed an ancient lich
 50834 | Zot:5    | Noticed an orb of fire
 50835 | Zot:5    | Killed an ancient lich
 50843 | Zot:5    | Gained mutation: You are very dopey. (Int -4) [an orb of
                  | fire]
 50851 | Zot:5    | Killed an orb of fire
 50880 | Zot:5    | Got the Orb of Zot
 50881 | Zot:5    | Noticed an orb of fire
 50881 | Zot:5    | Noticed an orb of fire
 50881 | Zot:5    | Noticed a dread lich
 50881 | Zot:5    | Noticed a dread lich
 50882 | Zot:5    | Noticed a dread lich
 50882 | Zot:5    | Gained mutation: You are clumsy. (Dex -2) [an orb of fire]
 50882 | Zot:5    | Gained mutation: Armour fits poorly on your strangely
                  | shaped body. [an orb of fire]
 50906 | Zot:5    | Noticed an ancient lich
 50914 | Zot:5    | HP: 7/179 [deathcap[a curse toe] (3)]
 50916 | Zot:5    | Killed a dread lich
 50920 | Zot:5    | HP: 2/179 [deathcap/drain life[a curse toe] (7)]
 50920 | Zot:5    | Killed from afar by a deathcap

Illustrated notes

Levels and vault maps discovered:
D:1:      minmay_arrival_up_and_down, layout_rooms, serial_shops,
          nicolae_shop_statue_plus, hellmonk_ecumenical_altar_crossroads
D:2:      layout_basic, serial_glass, glass_columns_a, glass_columns_b
D:3:      layout_basic, nicolae_grassy_gnolls
D:4:      layout_rooms, lemuel_crystal_altar, nemelex_diamond_rough_becter,
          minmay_temple_entry_trees, minmay_misc_feat_rugged
D:5:      layout_loops_cross, gammafunk_ghost_stat_death, minmay_pentangle
D:6:      layout_cave_pools
D:7:      layout_rooms, general_overflow_altar, grunt_gozag_statues,
          gammafunk_temple_overflow_statue, uniq_harold, uniq_joseph
D:8:      layout_basic, onia_ninara_dug_in_and_dangerous, uniq_maggie
D:9:      layout_irregular_city, nzn_hepliaklqana_mist_gate, led_sif_book,
          okawaru_trees_2, lair_entry_dummy, orc_0_dummy
D:10:     layout_irregular_city, gammafunk_ghost_ooze,
          hangedman_decor_peaks_small, st_stairs_5, uniq_fannar, uniq_erica,
          uniq_maurice, uniq_nergalle
D:11:     layout_gridville, kennysheep_generic_room_3
D:12:     layout_long_grid, serial_shops, nicolae_shop_hallway_stairs
D:13:     layout_layer_cave, gammafunk_ghost_arena
D:14:     layout_loops_corners, david_vaults_5, hangedman_abyss_or_decor_slice,
          serial_shops, nicolae_diamond_shop, minmay_holes, skrybe_limestone_x,
          the_hattery
D:15:     grunt_enter_depths_hoard, layout_basic, minivault_24
Temple:   cyrus_circular_temple
Lair:1:   layout_long_grid, cheibrodos_lair_reptile_den, grunt_megastairs_4
Lair:2:   layout_roguey, elwin_shoals_entry_stream, spider_nest_entry_a,
          minmay_stone_trees_small, grunt_megastairs_5, lemuel_fruit_fields,
          serial_bayou_shore_a
Lair:3:   layout_chaotic_city, uniq_prince_ribbit2
Lair:4:   layout_gridlike, hellmonk_guarded_unrand_seven_league_boots
Lair:5:   layout_long_grid, dpeg_slime_entry_enclosed_altar,
          infiniplex_staircase_pool_2
Lair:6:   minmay_lair_end_enchanted_forest, layout_hall_layers,
          serial_bayou_crossing
Shoals:1: dreamdust_from_the_deep, layout_shoals, ebering_ghost_disaster_area
Shoals:2: layout_shoals, nicolae_shop_firing_range, uniq_ilsuiw, uniq_roxanne,
          uniq_louise
Shoals:3: layout_shoals, serial_shops, nicolae_lakefront_shop,
          nicolae_shoals_land_atoll
Shoals:4: shoals_end_hangedman, layout_shoals
Spider:1: layout_spider_delve, hangedman_spider_tarantella_strand, uniq_nikola,
          uniq_aizul
Spider:2: layout_spider_delve, uniq_arachne
Spider:3: layout_cave_pods, special_room [special_room_bee],
          nicolae_spider_not_touching_you
Spider:4: grunt_spider_rune_circles, spiders_nest_hornet_nest
Slime:1:  layout_caves
Slime:2:  layout_caves
Slime:3:  layout_caves
Slime:4:  layout_caves
Slime:5
Orc:1:    layout_diamond_mine, uniq_sonja
Orc:2:    st_orc_mages, layout_caves, serial_shops, shop, shop, shop, shop,
          nicolae_shop_temple_entry_statues_fountains, basic_altar, rock_pile
Elf:1:    eino_elf_arrival_sip, layout_onion_city, hangedman_elf_disciples
Elf:2:    elven_hall_of_blades_hangedman_alternative
          [nicolae_blade_entry_area_security], layout_gridlike, serial_shops,
          shop, portal_desolation_entry_ruin, basic_altar,
          chequers_hall_statues_y, minmay_shoptagon, uniq_asterion
Elf:3:    minmay_elf_hall_furrowed, layout_gridlike, serial_shops,
          bzr_entry_dummy, nicolae_elf_deep_friendship
Vaults:1: dpeg_vaults_monster_box, kennysheep_vaults_gozag_temple, v_pattern_1,
          ontoclasm_vaults_chip, ontoclasm_vaults_gateway,
          nicolae_vaults_mini_display_case, nicolae_vaults_network_periphery,
          nicolae_vaults_hallways_thing, vaults_room_grid,
          layout_vaults_omnicross
Vaults:2: ontoclasm_vaults_spin, nicolae_vaults_branching_niches, v_misc_25,
          nicolae_vaults_network_square, v_misc_10, vaults_room_ringed_pool,
          v_alt_pattern_2, layout_vaults_omnibox
Vaults:3: hangedman_vaults_snaps, minmay_crypt_entry_simple_plaza,
          emtedronai_trogs_sanctum, v_pattern_2, v_alt_pattern_2, v_misc_25,
          v_alt_pattern_5, v_misc_12, vaults_dpeg_encased_lava,
          hangedman_vaults_river_flow, nicolae_vaults_little_squares_2,
          vaults_dpeg_doors, nicolae_vaults_ring_of_whatevers,
          layout_vaults_maze, serial_shops, nicolae_shop_waterfront
Vaults:4: v_misc_19, nicolae_vaults_three_branches,
          hangedman_vaults_corner_blocks, ontoclasm_vaults_ring_square,
          st_smaller_cells, nicolae_vaults_yaktaur_gun_rack,
          grunt_vaults_funnel, vaults_room_door_hall, vaults_mumra_chevron_long,
          v_misc_13, hangedman_vaults_capsules, layout_vaults_omnigrid,
          uniq_donald, uniq_mennas, uniq_jory
Vaults:5: serial_shops
Depths:1: layout_gridville, enter_ziggurat_c, lightli_too_deep,
          nicolae_ashenzari_skybound, kennysheep_path_1,
          nicolae_vehumet_radiance
Depths:2: minmay_the_grid_four_pointed_star_mashed
          [minmay_the_grid_triangle_9x9_corrupted_corridor,
          minmay_the_grid_triangle_9x9_minimal,
          minmay_the_grid_triangle_9x9_sprig,
          minmay_the_grid_triangle_9x9_subtriangle,
          minmay_the_grid_prize_inner_circle], layout_basic,
          abyss_entry_crystal, rand_demon_pan_entry_1, hangedman_coc_ice_floe,
          fedhas_altar_4
Depths:3: gammafunk_dig_for_victory, layout_basic, grunt_decor_cap,
          serial_shops, nicolae_lakefront_shop, abyss_entry, hell_entry,
          minmay_staircase_windowed_small, serial_bayou_shore_b
Depths:4: evilmike_zot_entry_basic, layout_gridlike, rand_demon_pan_entry_5,
          chequers_serial_rivers_room_a, grunt_hell_entry_dis_grunt,
          kennysheep_random_hallway
Hell
Zot:1:    layout_misc_corridors, ebering_ghost_reflecting_pool,
          st_small_dragon_hoard_4
Zot:2:    layout_twisted_circle, nicolae_shop_clearance
Zot:3:    layout_gridlike
Zot:4:    layout_cathedral_of_symmetry
Zot:5:    layout_basic

Skill      XL: |  1  2  3  4  5  6  7  8  9 10 11 12 13 14 15 16 17 18 19 20 21 22 23 24 25 26 27 |
---------------+----------------------------------------------------------------------------------+-----
Short Blades   | 2 3 4 5 7 9 10 | 10.0
Fighting       | 3 4 5 6 8 9 10 12 13 14 15 16 17 18 19 20 21 22 | 22.9
Shields        | 3 4 7 8 10 12 14 15 | 15.0
Invocations    | 1 2 4 6 7 9 11 12 13 15 16 17 18 19 20 21 23 25 27 | 27.0
Evocations     | 3 |  3.0
Stealth        | 1 4 6 7 8 |  8.0
Armour         | 3 5 7 8 10 11 12 13 14 | 14.7
Dodging        | 1 5 7 9 11 | 11.9
Polearms       | 2 9 12 | 12.0
Necromancy     | 8 |  8.6
Transmutations | 8 |  8.6
Spellcasting   | 2 |  2.8

Action                   |  1- 3 |  4- 6 |  7- 9 | 10-12 | 13-15 | 16-18 | 19-21 | 22-24 | 25-27 || total
-------------------------+-------+-------+-------+-------+-------+-------+-------+-------+-------++-------
Melee: Rapier            |    71 |   102 |   101 |       |       |       |       |       |       ||   274
       Bite              |    15 |    25 |    97 |   273 |   714 |   717 |   859 |   844 |   722 ||  4266
       Dagger            |       |       |   165 |   667 |  1290 |   735 |       |       |       ||  2857
       Scimitar          |       |       |       |     5 |    12 |       |       |       |       ||    17
       Quick blade       |       |       |       |       |       |   468 |  1357 |   453 |     3 ||  2281
       Lance             |       |       |       |       |       |       |       |  1001 |  1313 ||  2314
Throw: Boomerang         |       |       |     6 |    10 |     3 |     1 |       |       |     1 ||    21
Invok: Line Pass         |       |       |       |     1 |     2 |     1 |       |       |       ||     4
       Stomp             |       |       |       |     2 |       |     2 |       |       |       ||     4
       Grand Finale      |       |       |       |       |     3 |     4 |     8 |     6 |    13 ||    34
Evoke: Wand              |       |       |       |    20 |    15 |     6 |     7 |       |     5 ||    53
       Box of beasts     |       |       |       |       |       |     1 |       |       |       ||     1
       Lightning rod     |       |       |       |       |       |       |       |       |     3 ||     3
  Use: Potion            |     1 |       |     1 |     7 |     2 |     5 |     5 |     1 |    11 ||    33
       Scroll            |     2 |     3 |     7 |     7 |    10 |    18 |     7 |    18 |    22 ||    94
 Stab: Paralysed         |       |     1 |    10 |    39 |   104 |   104 |   151 |   161 |   212 ||   782
       Distracted        |       |       |     1 |       |       |       |     1 |     2 |     1 ||     5
       Petrified         |       |       |       |       |     5 |       |       |       |       ||     5
       Confused          |       |       |       |       |       |     3 |       |       |       ||     3
       Invisible         |       |       |       |       |       |       |       |       |     4 ||     4
Armor: Scale mail        |     9 |       |       |       |       |       |       |       |       ||     9
       Chain mail        |    11 |    28 |    59 |    88 |   106 |   190 |       |       |       ||   482
       Plate armour      |       |       |       |    41 |   149 |    40 |   225 |    28 |       ||   483
       Skin              |       |       |       |    11 |       |       |       |       |       ||    11
       Gold dragon scale |       |       |       |       |       |       |       |   312 |   474 ||   786
Dodge: Dodged            |    27 |    28 |    50 |    95 |   161 |   210 |   219 |   251 |   287 ||  1328
Block: Buckler           |    11 |    12 |    36 |    59 |   120 |   215 |   204 |       |       ||   657
       Kite shield       |       |       |       |       |       |       |    25 |   471 |   496 ||   992

Table legend: (Time is in decaauts)
 A = Elapsed time spent in this place.
 B = Non-inter-level travel time spent in this place.
 C = Inter-level travel time spent in this place.
 D = Time resting spent in this place.
 E = Time spent auto-exploring this place.
 F = Levels seen in this place.
 G = Mean time per level.
                   A        B        C        D        E       F      G
               +--------+--------+--------+--------+--------+-----+--------+
         Total |  46581 |  39877 |   6704 |   1732 |  27242 |  82 |  568.1 |
       Dungeon |  13438 |  11202 |   2236 |     77 |   9092 |  15 |  895.9 |
        Temple |     31 |     17 |     14 |      0 |      6 |   1 |   31.0 |
          Lair |   6608 |   5242 |   1366 |     97 |   4187 |   6 | 1101.3 |
        Shoals |   2529 |   2339 |    190 |     90 |   1406 |   4 |  632.2 |
   Spider Nest |   4017 |   3616 |    401 |    312 |   2478 |   4 | 1004.2 |
    Slime Pits |    649 |    555 |     94 |    161 |     35 |   5 |  129.8 |
  Orcish Mines |   1729 |   1115 |    614 |      0 |    898 |   2 |  864.5 |
   Elven Halls |   3422 |   3229 |    193 |      0 |   2493 |   3 | 1140.7 |
        Vaults |   7533 |   6562 |    971 |    470 |   4591 |   5 | 1506.6 |
        Depths |   2142 |   1522 |    620 |    343 |    577 |   4 |  535.5 |
          Hell |     32 |     32 |      0 |      0 |      0 |   1 |   32.0 |
           Zot |    572 |    572 |      0 |     76 |     82 |   5 |  114.4 |
         Abyss |    561 |    561 |      0 |      0 |      0 |   4 |  140.2 |
   Pandemonium |   2902 |   2902 |      0 |    105 |   1211 |  21 |  138.2 |
        Bazaar |     32 |     32 |      0 |      0 |     27 |   1 |   32.0 |
    Desolation |    376 |    376 |      0 |      0 |    156 |   1 |  376.0 |
               +--------+--------+--------+--------+--------+-----+--------+

Top non-repeatable levels by time:
Vaults:4: 1779 daAuts
Vaults:3: 1598 daAuts
Vaults:5: 1467 daAuts
  Lair:2: 1424 daAuts
     D:9: 1385 daAuts
Spider:3: 1366 daAuts
Vaults:1: 1361 daAuts
   Orc:2: 1349 daAuts
   Elf:1: 1340 daAuts
Vaults:2: 1326 daAuts
   Elf:3: 1297 daAuts
  Lair:6: 1281 daAuts
    D:14: 1215 daAuts
    D:13: 1108 daAuts
    D:10: 1105 daAuts
